 Dungeon Crawl Stone Soup version 0.27.1-1-g398f81649c (webtiles) character file.

Game seed: 862512219336204722

29 Descartes the Sneak (level 3, -3/17 HPs)
             Began as a Felid Delver on Sept 7, 2021.
             Slain by Purgy (4 damage)
             ... in a sewer.
             The game lasted 00:01:31 (358 turns).

Descartes the Sneak (Felid Delver)                   Turns: 358, Time: 00:01:32

Health: -3/17      AC:  1    Str:  9    XL:     3   Next: 1%
Magic:  4/4        EV: 18    Int: 11    God:
Gold:   28         SH:  0    Dex: 17    Spells: 2/2 levels left
                                        Lives:  0   Deaths: 0

rFire    . . .     SeeInvis +     - Unarmed
rCold    . . .     Faith    .   (shield unavailable)
rNeg     . . .     Spirit   .   (armour unavailable)
rPois    .         Reflect  .   (helmet unavailable)
rElec    .         Harm     .   (cloak unavailable)
rCorr    .         Rampage  .   (gloves unavailable)
Will     .....                  (boots unavailable)
Stlth    ++++......             (no amulet)
HPRegen  0.05/turn              (no ring)
MPRegen  0.09/turn              (no ring)

@: quick
A: very small, claws 1, fangs 3, see invisible, speed 1, shaggy fur 1, stealthy
paws, no weapons or thrown items, no armour, multi-lived
a: no special abilities


You were in a sewer.
You visited 2 branches of the dungeon, and saw 3 of its levels.
You also visited: Sewer.

You collected 28 gold pieces.

Inventory:

Jewellery
 g - a +4 ring of slaying
Wands
 e - a wand of digging (3)
Scrolls
 a - a scroll of fog
 c - a scroll of fear
 f - a scroll of identify {unknown}
 h - 2 scrolls of amnesia {unknown}
Potions
 b - a potion of invisibility {unknown}
 d - a potion of haste


   Skills:
 - Level 3.0 Fighting
 + Level 3.4 Dodging
 + Level 7.0 Stealth
 + Level 2.6 Unarmed Combat


You had 2 spell levels left.
You didn't know any spells.
Your spell library contained the following spells:

 Spells                   Type           Power      Damage    Failure   Level
 Inner Flame              Hex/Fire       0%         N/A       71%         3
 Cause Fear               Hex            0%         N/A       98%         4
 Discord                  Hex            0%         N/A       100%        8


Dungeon Overview and Level Annotations

Branches:
Dungeon (5/15)             Temple (1/1) D:4           Sewer (1/1)

Altars:
Cheibriados
Elyvilon
Gozag
Hepliaklqana
Kikubaaqudgha
Makhleb
Nemelex Xobeh
Qazlal
Sif Muna
Trog
Uskayaw
Vehumet
Yredelemnul
Zin
The Shining One

Annotations:
Sewer Purgy


Innate Abilities, Weirdness & Mutations

You have sharp claws.
You have razor-sharp teeth.
You have supernaturally acute eyesight. (SInv)
You cover ground quickly. (Speed+)
You are covered in fur. (AC +1)
Your paws help you pounce on unaware monsters.
You are incapable of wielding weapons or throwing items.
You cannot wear armour.
You gain extra lives every three experience levels.


Message History

An adder skeleton comes into view.
Found a throwing net.
The bat closely misses you. The bat completely misses you.
You closely miss the bat. Your bite misses the bat. The bat hits you.
The ball python hisses angrily.
The bat misses you.
A hound comes into view.
The hound moves out of view.
The bat hits you.
There is a glowing drain here.
The bat misses you. The ball python barely misses you.
The ball python closely misses you.
The world spins around you as you enter the gateway.
You enter a sewer!
Found a gate leading back out of this place.
There is an empty arch of ancient stone here.
HP restored.
You open the door.
There is an open door here.
h - 2 scrolls labelled USAJUQAIDUH
There is an open door here.
You open the door.
Purgy the Meek comes into view.
Found a scroll of fog.
There is an open door here.
The helpless Purgy fails to defend himself.
You mangle Purgy!!
Purgy is severely wounded.
Purgy barely misses you. Purgy closely misses you. x2
You barely miss Purgy. You bite Purgy.
Purgy is severely wounded.
Purgy bites you. Purgy completely misses you. Purgy closely misses you.
You scratch Purgy. You claw Purgy.
Purgy is almost dead.
Purgy bites you!
* * * LOW HITPOINT WARNING * * *
Purgy claws you.
* * * LOW HITPOINT WARNING * * *
Purgy claws you.
You die...

#∩# #.#
#+##+##.##+##+##+#
.................#
≈≈≈≈≈≈≈.≈≈≈≈≈≈≈≈≈#
≈≈≈≈≈≈≈∩≈≈≈≈≈≈≈≈≈#
≈≈≈≈≈≈≈.≈≈≈≈≈≈≈≈≈#
.................#
#+##+##'##@##+##+#
#.##T# #.##?#
######


You could see Purgy.

Vanquished Creatures
  3 gnolls (D:5)
3 creatures vanquished.

Notes
Turn   | Place    | Note
-------+----------+-------------------------------------------
     0 | D:5      | Descartes the Felid Delver began the quest for the Orb.
     0 | D:5      | Reached XP level 1. HP: 10/10 MP: 2/2
    24 | D:5      | Found a hazy altar of Hepliaklqana.
    27 | D:5      | Reached XP level 2. HP: 14/14 MP: 3/3
    30 | D:5      | Reached skill level 7 in Stealth
    30 | D:5      | Reached XP level 3. HP: 17/17 MP: 4/4
    33 | D:5      | Found a white marble altar of Elyvilon.
    37 | D:5      | Found a hide-covered altar of Uskayaw.
    58 | D:4      | Found a staircase to the Ecumenical Temple.
    65 | Temple   | Entered the Ecumenical Temple
   295 | D:4      | Found a glowing drain.
   306 | Sewer    | Entered a sewer
   354 | Sewer    | Noticed Purgy
   358 | Sewer    | Slain by Purgy

Illustrated notes

Levels and vault maps discovered:
D:4:      layout_basic, lemuel_round_altar, minmay_temple_entry_purple_smoke,
          cheibrodos_sewer_entry_sluice, uniq_menkaure
D:5:      layout_cave_pools, lemuel_crystal_altar,
          chequers_temple_overflow_statue_of_worship,
          grunt_temple_overflow_diamond, serial_shops, shop, serial_rivers,
          chequers_serial_rivers_small_a, chequers_serial_rivers_micro_c,
          chequers_serial_rivers_micro_c, chequers_serial_rivers_large_b,
          chequers_serial_rivers_micro_b, chequers_serial_rivers_micro_d
Temple:   minmay_temple_bridge_abc
Sewer:    kennysheep_door_sewer

Skill      XL: |  1  2 |
---------------+-------+-----
Dodging        | 3 |  3.4
Stealth        | 7 |  7.0
Fighting       | |  3.0
Unarmed Combat | |  2.6

Action                   || total
-------------------------++-------
Melee: Unarmed           ||     7
       Punch             ||     1
       Bite              ||     1
  Use: Scroll            ||     1
 Stab: Sleeping          ||     4
Dodge: Dodged            ||    11
